 Dungeon Crawl Stone Soup version 0.19.1 (webtiles) character file.

5584 DevlanMud the Grappler (level 10, -12/96 HPs)
             Began as a Troll Monk on Dec 11, 2016.
             Killed from afar by a gargoyle (25 damage)
             ... with a stone arrow
             ... on level 10 of the Dungeon.
             The game lasted 00:19:20 (7767 turns).

DevlanMud the Grappler (Troll Monk)                 Turns: 7767, Time: 00:19:21

Health: -12/96     AC: 11    Str: 23    XL:     10   Next: 45%
Magic:  9/9        EV: 13    Int:  5    God:
Gold:   269        SH:  0    Dex: 14    Spells: 0 memorised, 9 levels left

rFire  . . .     SeeInvis .       - Unarmed
rCold  . . .     Gourm    +     c - +2 robe {MR+}
rNeg   . . .     Faith    .     (no shield)
rPois  +         Spirit   .     (helmet restricted)
rElec  .         Reflect  .     (no cloak)
rCorr  .         Harm     .     (gloves unavailable)
MR     +....                    (boots unavailable)
Stlth  +.........               (no amulet)
                                B - +3 ring of evasion
                                u - ring of poison resistance

@: no status effects
A: unfitting armour, claws 3, hooves 1, iridescent scales 1, yellow scales 1,
dopey 1, fast metabolism 3, gourmand, sense surroundings 1, regeneration 1,
shaggy fur 1, strong 1, tough skin 2, evolution 1, no device heal 1
a: no special abilities


You were on level 10 of the Dungeon.
You were very full.

You visited 1 branch of the dungeon, and saw 10 of its levels.

You collected 428 gold pieces.
You spent 159 gold pieces at shops.

Inventory:

Missiles
 d - 5 poisoned tomahawks (quivered)
 f - 220 stones
Armour
 c - a +2 robe of magic resistance (worn)
 w - the +1 robe of the Eleven Moons {SInv}
   (You bought it in a shop on level 7 of the Dungeon)

   It lets you see invisible.
Jewellery
 k - an uncursed ring of flight
 q - an uncursed ring of positive energy
 u - a ring of poison resistance (left claw)
 B - a +3 ring of evasion (right claw)
 D - an uncursed ring of protection from fire {unknown}
Wands
 a - a wand of random effects (19/48)
 h - a wand of confusion (30/48)
 E - a wand of lightning (9/15)
Scrolls
 i - 2 scrolls of identify
 j - 2 scrolls of enchant weapon
 l - a scroll of enchant armour
 m - a scroll of remove curse
 o - a scroll of recharging
 p - a scroll of amnesia
 F - 2 scrolls of teleportation
 G - a scroll of fear {unknown}
Potions
 e - a potion of brilliance
 g - 7 potions of curing
 n - a potion of ambrosia
 r - a potion of magic
 s - a potion of resistance
 t - a potion of flight
 v - a potion of might
 x - a potion of cure mutation
Books
 y - a book of Geomancy

   Spells                             Type                      Level
   a - Sandblast                      Earth                        1
   b - Passwall                       Transmutation/Earth          2
   c - Stone Arrow                    Conjuration/Earth            3
   d - Petrify                        Transmutation/Earth          4
   e - Lee's Rapid Deconstruction     Earth                        5
Comestibles
 b - 13 bread rations
 z - 8 slices of pizza
 A - 5 beef jerkies
 C - 3 chunks of flesh


   Skills:
 - Level 5.0 Fighting
 + Level 7.4 Throwing
 - Level 2.4 Dodging
 - Level 1.0 Stealth
 * Level 12.3 Unarmed Combat


You had 9 spell levels left.
You didn't know any spells.

Dungeon Overview and Level Annotations

Branches:
Dungeon (10/15)            Temple (0/1) D:5
   Lair: D:8-11         Orc: D:9-12

Altars:
Ashenzari
Cheibriados
Fedhas
Gozag
Kikubaaqudgha
Makhleb
Okawaru
Ru
Sif Muna
Trog
Uskayaw
Xom

Shops:
D:7 }([(   D:8 }(


Innate Abilities, Weirdness & Mutations

You are too large for most types of armour.
You have claws for hands.
Your metabolism is lightning-fast.
You like to eat raw meat.
Your natural rate of healing is unusually fast.
You are covered in fur. (AC +1)
You have very tough skin. (AC +2)
You have large cloven feet.
You are partially covered in iridescent scales. (AC +2)
You are partially covered in yellow scales. (AC +2)
You are dopey. (Int -2)
You passively map a small area around you.
Your muscles are strong. (Str +2)
You evolve.
Potions and wands are less effective at restoring your health.


Message History

The bullfrog hits you but does no damage.
The bullfrog hits you.
* * * LOW HITPOINT WARNING * * *
The bullfrog barely misses you. The bullfrog misses you. The bullfrog hits you.
* * * LOW HITPOINT WARNING * * *
The bullfrog barely misses you. The bullfrog hits you.
* * * LOW HITPOINT WARNING * * *
You see here a jackal corpse.
The bullfrog hits you.
* * * LOW HITPOINT WARNING * * *
You see here a jackal skeleton.
The bullfrog misses you.
The bullfrog hits you but does no damage.
There is a shaft here.
The bullfrog falls through a shaft!
The shaft crumbles and collapses.
The gargoyle hurls a stone arrow at you.
The stone arrow hits you!
You die...

##### #...#
###...###
#.......#########
#########
#.......†÷..9§..#
##........
#.......#######@#
#.........
###...### *
*#.#######..####...
#...# *
#..........####..[
##.## ,
.######............
#####.# ,,
........###.####...
#.9...# ,,,
.######## #.# ####
#.##### * #.# #.# ,
* #.# #9# * #.#


You could see a gargoyle.

Vanquished Creatures
  A hill giant (D:10)
  A two-headed ogre (D:9)
  A human (D:7)
  A shadow (D:8)
  4 hogs (D:7)
  Edmund (D:5)
  An eye of draining (D:4)
  3 orc warriors
  A black bear (D:8)
  A phantom (D:6)
  2 sky beasts
  A necrophage (D:9)
  2 ice beasts
  4 ogres
  A centaur (D:7)
  3 big kobolds
  6 bullfrogs
  A water moccasin zombie (D:7)
  5 scorpions
  A killer bee (D:7)
  4 wights (D:8)
  A howler monkey (D:7)
  2 centaur zombies
  3 crimson imps
  3 jellies
  2 centaur skeletons
  6 orc priests
  6 hounds
  A bullfrog skeleton (D:9)
  6 orc wizards
  3 iguanas
  9 worker ants
  A worker ant zombie (D:7)
  A gnoll (D:4)
  3 adders
  2 shadow imps
  An ooze (D:1)
  2 adder zombies (D:5)
  An adder skeleton (D:8)
  A dart slug (D:1)
  4 leopard geckos
  26 orcs
  6 giant cockroaches
  7 goblins
  5 hobgoblins
  23 jackals
  22 kobolds
  2 quokkas
  9 bats
  7 frilled lizards
  A leopard gecko zombie (D:8)
  A quokka zombie (D:5)
  10 rats
222 creatures vanquished.

Notes
Turn   | Place    | Note
-------+----------+-------------------------------------------
     0 | D:1      | DevlanMud the Troll Monk began the quest for the Orb.
     0 | D:1      | Reached XP level 1. HP: 22/22 MP: 0/0
   260 | D:1      | Reached XP level 2. HP: 29/29 MP: 1/1
   411 | D:1      | Reached skill level 1 in Throwing
   683 | D:1      | Reached XP level 3. HP: 36/36 MP: 2/2
   889 | D:1      | Reached skill level 4 in Unarmed Combat
  1133 | D:2      | Found a sacrificial altar of Ru.
  1165 | D:2      | Found an ancient bone altar of Kikubaaqudgha.
  1250 | D:2      | Found a shattered altar of Ashenzari.
  1759 | D:3      | Found a blossoming altar of Fedhas.
  1759 | D:3      | Found a burning altar of Makhleb.
  1875 | D:3      | Reached XP level 4. HP: 40/44 MP: 3/3
  2037 | D:3      | Found a hide-covered altar of Uskayaw.
  2037 | D:3      | Found a faded altar of an unknown god.
  2042 | D:3      | Found a faded altar of an unknown god.
  2044 | D:3      | Found a faded altar of an unknown god.
  2046 | D:3      | Found a faded altar of an unknown god.
  2098 | D:3      | Found a shimmering altar of Xom.
  2100 | D:3      | Found a bloodstained altar of Trog.
  2100 | D:3      | Found a snail-covered altar of Cheibriados.
  2102 | D:3      | Found a burning altar of Makhleb.
  2102 | D:3      | Found a bloodstained altar of Trog.
  2102 | D:3      | Found an iron altar of Okawaru.
  2159 | D:4      | Noticed an ogre
  2166 | D:4      | Killed an ogre
  2166 | D:4      | Reached skill level 5 in Unarmed Combat
  2166 | D:4      | Reached XP level 5. HP: 23/50 MP: 4/4
  2384 | D:4      | Reached skill level 6 in Unarmed Combat
  2384 | D:4      | Reached XP level 6. HP: 46/59 MP: 5/5
  2623 | D:4      | Found a bloodstained altar of Trog.
  3187 | D:5      | Entered Level 5 of the Dungeon
  3337 | D:5      | Reached XP level 7. HP: 63/66 MP: 6/6
  3383 | D:5      | Reached skill level 7 in Unarmed Combat
  3479 | D:5      | Noticed Edmund
  3491 | D:5      | Killed Edmund
  3568 | D:5      | Found a deep blue altar of Sif Muna.
  3613 | D:5      | Gained mutation: You are partially covered in yellow scales. (AC +2) [mutagenic meat]
  3722 | D:5      | Found a staircase to the Ecumenical Temple.
  3736 | D:5      | Gained mutation: You passively map a small area around you. [potion of mutation]
  3736 | D:5      | Gained mutation: You expend magic power (3 MP) to strengthen your wands. [potion of mutation]
  3736 | D:5      | Gained mutation: You evolve. [potion of mutation]
  3945 | D:5      | Reached skill level 8 in Unarmed Combat
  4040 | D:6      | Reached XP level 8. HP: 74/74 MP: 7/7
  4133 | D:6      | Gained mutation: You have sharp toenails. [potion of mutation]
  4278 | D:6      | Lost intelligence.
  4580 | D:6      | Gained mutation: You are partially covered in iridescent scales. (AC +2) [mutagenic meat]
  4581 | D:6      | Gained mutation: Potions and wands are less effective at restoring your health. [mutagenic meat]
  4582 | D:6      | Lost mutation: You have sharp toenails. [mutagenic meat]
  4583 | D:6      | Gained mutation: You have large cloven feet. [mutagenic meat]
  4584 | D:6      | Gained mutation: Your muscles are strong. (Str +2) [mutagenic meat]
  4585 | D:6      | Gained mutation: You are dopey. (Int -2) [mutagenic meat]
  4712 | D:6      | Reached skill level 9 in Unarmed Combat
  4715 | D:6      | Reached skill level 5 in Throwing
  4926 | D:7      | Found Retiab's Antique Weapon Emporium.
  4967 | D:7      | Found Kuliryor's Antique Armour Shoppe.
  4988 | D:7      | Bought a slimy robe for 159 gold pieces
  4988 | D:7      | Identified the +1 robe of the Eleven Moons {SInv} (You bought it in a shop on level 7 of the Dungeon)
  5043 | D:7      | Found Cucvenot's Antique Weapon Boutique.
  5154 | D:7      | Found Velefeh's Gadget Shoppe.
  5331 | D:7      | Reached XP level 9. HP: 72/84 MP: 8/8
  5342 | D:7      | Reached skill level 10 in Unarmed Combat
  6173 | D:8      | Reached skill level 11 in Unarmed Combat
  6277 | D:8      | Reached skill level 5 in Fighting
  6332 | D:8      | Found Kuutoiff's Quality Used Wands.
  6346 | D:8      | Found Xarphaho's Weapon Shoppe.
  6468 | D:8      | Lost mutation: You expend magic power (3 MP) to strengthen your wands. [evolution]
  6905 | D:9      | Reached XP level 10. HP: 16/96 MP: 9/9
  7466 | D:9      | Reached skill level 12 in Unarmed Combat
  7529 | D:9      | Found an opulent altar of Gozag.
  7570 | D:10     | Entered Level 10 of the Dungeon
  7709 | D:10     | Noticed a hill giant
  7716 | D:10     | Noticed a gargoyle
  7716 | D:10     | Killed a hill giant
  7767 | D:10     | Killed from afar by a gargoyle

Skill      XL: |  1  2  3  4  5  6  7  8  9 10 |
---------------+-------------------------------+-----
Throwing       | 1 2 3 4 5 6 7 |  7.4
Unarmed Combat | 4 5 6 8 9 11 12 | 12.3
Fighting       | 3 5 |  5.0
Dodging        | |  2.4
Stealth        | |  1.0

Action                   |  1- 3 |  4- 6 |  7- 9 | 10-12 || total
-------------------------+-------+-------+-------+-------++-------
Melee: Unarmed           |   122 |    98 |   387 |    93 ||   700
       Punch             |     1 |     4 |    23 |     6 ||    34
       Kick              |       |       |   102 |    24 ||   126
  Use: Scroll            |       |     1 |    17 |       ||    18
       Potion            |       |       |     9 |       ||     9
 Stab: Sleeping          |     5 |     2 |     1 |       ||     8
  Eat: Chunk             |    23 |    13 |    37 |    10 ||    83
Armor: Robe              |    61 |    31 |   145 |    32 ||   269
Dodge: Dodged            |    82 |    43 |   176 |    54 ||   355
